 Dungeon Crawl Stone Soup version 0.23-b1-51-gfe822ef6ca (webtiles) character file.

Game seed: 15955145928278291204

37 Revguard the Firebug (level 3, 0/27 HPs)
             Began as a Draconian Fire Elementalist on Feb 4, 2019.
             Slain by an adder (4 damage)
             ... on level 2 of the Dungeon.
             The game lasted 00:05:22 (1099 turns).

Revguard the Firebug (Draconian Fire Elementalist)  Turns: 1099, Time: 00:05:22

Health: 0/27       AC:  5    Str: 10    XL:     3   Next: 21%
Magic:  0/6        EV: 12    Int: 16    God:
Gold:   82         SH:  0    Dex: 11    Spells: 1/7 levels left

rFire    . . .     SeeInvis .   (no weapon)
rCold    . . .     Gourm    .   (no shield)
rNeg     . . .     Faith    .   (armour unavailable)
rPois    .         Spirit   .   (helmet restricted)
rElec    .         Reflect  .   (no cloak)
rCorr    .         Harm     .   (no gloves)
MR       .....                  (no boots)
Stlth    ++........             (no amulet)
HPRegen  0.09/turn              (no ring)
MPRegen  0.10/turn              (no ring)

@: lethally poisoned (0 -> -2)
A: unfitting armour, cold-blooded, AC +5
a: no special abilities


You were on level 2 of the Dungeon.
You were hungry.

You visited 1 branch of the dungeon, and saw 2 of its levels.

You collected 82 gold pieces.

Inventory:

Scrolls
 c - a scroll of teleportation
 d - 2 scrolls of remove curse {unknown}
Potions
 f - a potion of cancellation
Comestibles
 b - 4 rations


   Skills:
 + Level 0.5 Fighting
 + Level 2.0 Dodging
 - Level 1.9 Stealth
 + Level 2.5 Spellcasting
 + Level 1.3 Conjurations
 + Level 3.4 Fire Magic


You had one spell level left.
You knew the following spells:

 Your Spells              Type           Power        Failure   Level  Hunger
a - Flame Tongue          Conj/Fire      #....        8%          1    #......
b - Throw Flame           Conj/Fire      #.....       11%         2    ##.....
c - Conjure Flame         Conj/Fire      #.......     22%         3    ###....

Your spell library contained the following spells:

 Spells                   Type           Power        Failure   Level  Hunger
 Inner Flame              Hex/Fire       #.......     28%         3    ###....
 Sticky Flame             Conj/Fire      #.......     58%         4    #####..
 Fireball                 Conj/Fire      #.........   90%         5    ######.


Dungeon Overview and Level Annotations

Branches:
Dungeon (2/15)

Altars:
Okawaru


Innate Abilities, Weirdness & Mutations

Your plain brown scales are hard. (AC +5)
You cannot fit into any form of body armour.
You are cold-blooded and may be slowed by cold attacks.


Message History

The adder completely misses you. The adder closely misses you.
You feel sick. The adder bites you but does no damage.
Casting: Flame Tongue (safe; 8% risk of failure)
Confirm with . or Enter, or press ? or * to list all spells.
Aiming: Flame Tongue (safe; 8% risk of failure)
Press: ? - help, Shift-Dir - straight line, f/p - adder
Aim: an adder (moderately wounded)
The flame tongue hits the adder.
The adder is moderately wounded.
You are feeling hungry.
You feel sick. The adder barely misses you. The adder closely misses you.
The adder bites you.
* * * LOW HITPOINT WARNING * * *
You feel sick.
As you read the scroll labeled POMEHO VOAQAMM, it crumbles to dust.
It is a scroll of identify.
c - a scroll of teleportation The adder bites you.
You die...

####### .......
###...#... #.........
#.#.?.#... #.........
.######.######## ###
...............######.
#.#
############.S@.......
#.### #.#.#######
#.##)
#.#.############.##.
#.#........<.....##.
#.#..########.......
#.#..# #.#####.
#.#..########.# #.
#.#...........# #.
#.##.########.# #.


You could see an adder.

Vanquished Creatures
  An adder (D:2)
  A worm (D:2)
  A giant cockroach (D:2)
  3 hobgoblins
  3 jackals (D:1)
  2 ball pythons (D:1)
  A bat (D:1)
  2 frilled lizards
  5 goblins
  2 kobolds (D:1)
  4 rats
25 creatures vanquished.

Notes
Turn   | Place    | Note
-------+----------+-------------------------------------------
     0 | D:1      | Revguard the Draconian Fire Elementalist began the quest
                  | for the Orb.
     0 | D:1      | Reached XP level 1. HP: 14/14 MP: 3/3
   332 | D:1      | Reached XP level 2. HP: 20/22 MP: 0/5
   345 | D:1      | Learned a level 2 spell: Throw Flame
   792 | D:2      | Reached XP level 3. HP: 19/27 MP: 1/6
   805 | D:2      | Found an iron altar of Okawaru.
   818 | D:2      | Learned a level 3 spell: Conjure Flame
  1099 | D:2      | Slain by an adder

Skill      XL: |  1  2 |
---------------+-------+-----
Dodging        | 2 |  2.0
Fighting       | |  0.5
Stealth        | |  1.9
Spellcasting   | |  2.5
Conjurations   | |  1.3
Fire Magic     | |  3.4

Action                   || total
-------------------------++-------
Melee: Unarmed           ||    72
       Tailslap          ||     8
 Cast: Flame Tongue      ||    37
       Throw Flame       ||     3
  Use: Potion            ||     2
       Scroll            ||     1
  Eat: Chunk             ||     1
Armor: Skin              ||    26
Dodge: Dodged            ||    59
